 Dungeon Sprint DCSS version 0.17-a0-1954-g0dddeaa (webtiles) character file.

429 kosy22 the Fighter (level 6, 0/62 HPs)
             Began as a Hill Orc Fighter on Oct 3, 2015.
             Was a Follower of Beogh.
             Slain by an unseen horror (8 damage)
             ... in the Dungeon (Sprint IX: "|||||||||||||||||||||||||||||").
             The game lasted 00:02:35 (448 turns).

kosy22 the Fighter (Hill Orc Fighter)                Turns: 448, Time: 00:02:35

Health: 0/62       AC: 12    Str: 24    XL:     6   Next: 98%
Magic:  6/6        EV:  8    Int:  8    God:    Beogh [*.....]
Gold:   0          SH: 12    Dex: 13    Spells: 0 memorised, 5 levels left

rFire  . . .     SeeInvis .     p - +1 broad axe (chop)
rCold  . . .     Clarity  .     s - +1 chain mail
rNeg   . . .     SustAt   .     c - +0 shield
rPois  .         Gourm    .     (no helmet)
rElec  .         Spirit   .     (no cloak)
rCorr  .         Warding  .     (no gloves)
rMut   .         NoTele   +     (no boots)
MR     .....                    (no amulet)
Stlth  ..........               r - +3 ring of strength
                                q - +3 ring of dexterity

@: not resistant to hostile enchantments, extremely unstealthy
A: no striking features
a: Renounce Religion


You were in the Dungeon.
You worshipped Beogh.
Beogh was aware of your devotion.
You were not hungry.

You visited 1 branch

Inventory:

Hand weapons
 a - a +0 war axe
 g - a +2 mace of protection
 p - a +1 broad axe of chopping (weapon)
Armour
 b - a +0 scale mail
 c - a +0 shield (worn)
 s - a +1 chain mail (worn)
Jewellery
 q - a +3 ring of dexterity (left hand)
 r - a +3 ring of strength (right hand)
Magical devices
 o - a wand of fire (7)
Scrolls
 k - 2 scrolls of blinking
 m - 3 scrolls of remove curse
 n - 2 scrolls of amnesia
Potions
 d - a potion of might
 f - 5 potions of curing
 h - a potion of haste
 i - 4 potions of magic
 j - a potion of invisibility
 l - 2 potions of heal wounds
Comestibles
 e - a bread ration


   Skills:
 + Level 8.9 Fighting
 + Level 8.8 Axes
 + Level 8.6 Armour
 + Level 2.5 Dodging
 + Level 8.9 Shields


You had 5 spell levels left.
You didn't know any spells.

Dungeon Overview and Level Annotations

Branches:
Dungeon (1/1)

Altars:
Cheibriados
Dithmenos
Elyvilon
Fedhas
Gozag
Kikubaaqudgha
Makhleb
Nemelex Xobeh
Okawaru
Qazlal
Ru
Sif Muna
Trog
Vehumet
Xom
Yredelemnul
Zin
The Shining One
Beogh
Jiyva
Lugonu


Message History

The big kobold throws a stone.
The stone hits you but does no damage.
Things that are here:
a stone; an uncursed shortbow; 10 arrows You miss something.
Something hits you but does no damage. Something hits you!
You miss something. Something hits you! Something hits you.
The big kobold throws a stone.
You block the stone. Something hits you.
Your chain mail prevents you from hitting something.
Something hits you.
* * * LOW HITPOINT WARNING * * *
Something hits you.
* * * LOW HITPOINT WARNING * * *
Your chain mail prevents you from hitting something.
Something hits you.
* * * LOW HITPOINT WARNING * * *
Something hits you.
* * * LOW HITPOINT WARNING * * *
You hit something but do no damage. Something hits you.
* * * LOW HITPOINT WARNING * * *
Something hits you but does no damage. Something hits you!
You die... ▓▓▓▓▓▓▓▓▓▓▓▓▓▓▓▓▓▓▓▓▓▓▓ +...K(@((..[[)|..'_____ ▓▓▓▓▓▓▓▓▓▓▓▓▓▓▓▓▓▓▓▓▓▓▓

You could see a big kobold.

Vanquished Creatures
  A sky beast (D)
  An ice beast (D)
  A centaur (D)
  A giant frog (D)
  A hound (D)
  A jelly (D)
  A worker ant (D)
  An orc (D)
  A giant cockroach (D)
  A goblin (D)
  A jackal (D)
  A bat (D)
  A giant gecko (D)
  A giant gecko zombie (D)
14 creatures vanquished.

Notes
Turn   | Place    | Note
--------------------------------------------------------------
     0 | D        | kosy22 the Hill Orc Fighter began the quest for the Orb.
     0 | D        | Reached XP level 1. HP: 19/19 MP: 1/1
    14 | D        | Reached skill level 4 in Fighting
   101 | D        | Noticed a sky beast
   101 | D        | Noticed an ice beast
   101 | D        | Noticed a hound
   101 | D        | Noticed a worker ant
   109 | D        | Killed a worker ant
   109 | D        | Reached skill level 5 in Fighting
   109 | D        | Reached skill level 5 in Shields
   109 | D        | Reached XP level 2. HP: 29/29 MP: 2/2
   109 | D        | Reached XP level 3. HP: 36/36 MP: 3/3
   118 | D        | Killed a hound
   118 | D        | Reached skill level 5 in Armour
   118 | D        | Reached XP level 4. HP: 36/42 MP: 4/4
   123 | D        | Killed an ice beast
   123 | D        | Reached skill level 7 in Fighting
   123 | D        | Reached skill level 1 in Dodging
   123 | D        | Reached XP level 5. HP: 39/52 MP: 5/5
   130 | D        | Killed a sky beast
   130 | D        | Reached XP level 6. HP: 19/61 MP: 6/6
   281 | D        | Found a glowing silver altar of Zin.
   281 | D        | Found a glowing golden altar of the Shining One.
   281 | D        | Found an ancient bone altar of Kikubaaqudgha.
   281 | D        | Found a basalt altar of Yredelemnul.
   281 | D        | Found a shimmering altar of Xom.
   281 | D        | Found a radiant altar of Vehumet.
   282 | D        | Found an iron altar of Okawaru.
   283 | D        | Found a burning altar of Makhleb.
   331 | D        | Found a deep blue altar of Sif Muna.
   332 | D        | Found a bloodstained altar of Trog.
   333 | D        | Found a sparkling altar of Nemelex Xobeh.
   334 | D        | Found a white marble altar of Elyvilon.
   335 | D        | Found a roughly hewn altar of Beogh.
   336 | D        | Found a viscous altar of Jiyva.
   337 | D        | Found a corrupted altar of Lugonu.
   338 | D        | Found a blossoming altar of Fedhas.
   341 | D        | Found a snail-covered altar of Cheibriados.
   342 | D        | Found a shadowy altar of Dithmenos.
   343 | D        | Found a stormy altar of Qazlal.
   344 | D        | Found an opulent altar of Gozag.
   345 | D        | Became a worshipper of Beogh the Brigand
   346 | D        | Found a sacrificial altar of Ru.
   417 | D        | Noticed a big kobold
   417 | D        | Noticed a jelly
   417 | D        | Noticed a centaur
   417 | D        | Noticed a giant frog
   423 | D        | Killed a giant frog
   423 | D        | Reached skill level 8 in Fighting
   429 | D        | Killed a centaur
   434 | D        | Killed a jelly
   434 | D        | Acquired Beogh's first power
   448 | D        | Slain by an unseen horror

Vault maps used:
D:        linesprint

Action                   |  1- 3 |  4- 6 || total
-------------------------+-------+-------++-------
Melee: War axe           |    37 |    12 ||    49
       Broad axe         |       |    29 ||    29
  Use: Potion            |     2 |       ||     2
